 Dungeon Crawl Stone Soup version 0.32-a0-868-g153ae1a8d6 (webtiles) character file.

Game seed: 9175678489167510066

2741 bmack86 the Cleaver (level 9, -1/69 (70) HPs)
             Began as a Minotaur Fighter on Mar 28, 2024.
             Was an Initiate of Gozag.
             Slain by a wight
             ... wielding a +5 scimitar of freezing
              (10 damage)
             ... on level 7 of the Dungeon on Mar 29, 2024.
             The game lasted 00:12:30 (5204 turns).

bmack86 the Cleaver (Minotaur Fighter)              Turns: 5204, Time: 00:12:31

HP:   -1/69 (70)    AC: 13    Str: 25    XL:     9   Next: 40%
MP:   8/8           EV:  5    Int:  5    God:    Gozag
Gold: 506           SH:  6    Dex: 10    Spells: 8/8 levels left

rFire   . . .        a - +1 war axe (drain)
rCold   . . .        r - +2 buckler
rNeg    . . .        q - +0 plate armour
rPois   .            (helmet restricted)
rElec   .            m - +0 cloak
rCorr   .            p - +0 pair of gloves
SInv    .            (no boots)
Will    .....        (no amulet) Stlth
                     (no ring)
HPRegen 0.31/turn    (no ring)
MPRegen 0.11/turn

%: no passive effects
@: gold aura, lightly drained
A: horns 2, retaliatory headbutt
a: Renounce Religion, Potion Petition, Call Merchant, Bribe Branch


You were on level 7 of the Dungeon.
You worshipped Gozag.
Gozag was pleased with you.
You visited 2 branches of the dungeon, and saw 8 of its levels.

You collected 620 gold pieces.
You spent 45 gold pieces at shops.
You paid 69 gold pieces to Gozag.

Inventory:

Hand Weapons
 a - a +1 war axe of draining (weapon)
Armour
 b - a +0 scale mail
 c - a +0 buckler
 m - a +0 cloak (worn)
 p - a +0 pair of gloves (worn)
 q - a +0 plate armour (worn)
 r - a +2 buckler (worn)
Jewellery
 d - a ring of flight
 e - a ring of resist corrosion
 i - a ring of ice
 n - a ring of fire
Scrolls
 f - 2 scrolls of teleportation
 k - a scroll of brand weapon
 u - a scroll of enchant weapon
 v - a scroll of immolation
 y - a scroll of fear
 z - a scroll of poison
 A - a scroll of blinking {unknown}
 B - a scroll of noise {unknown}
Potions
 g - a potion of berserk rage
 h - 4 potions of lignification
 j - 2 potions of degeneration {unknown}
 l - 4 potions of curing
 o - a potion of enlightenment
 s - 2 potions of ambrosia
 t - a potion of mutation
 w - a potion of haste {unknown}
 x - a potion of attraction {unknown}


   Skills:
 - Level 3.6 Fighting
 + Level 14.9 Axes
 - Level 3.6 Armour
 - Level 5.0 Shields


You had 8 spell levels left.
You didn't know any spells.
Your spell library contained the following spells:

 Spells                   Type           Power      Damage    Failure   Level
 Cigotuvi's Dreadful Rot  Necr/Alch/Air  0%         N/A       100%        2
 Lesser Beckoning         Tloc           0%         N/A       100%        2
 Mercury Vapours          Alch/Air       0%         N/A       100%        2
 Mephitic Cloud           Conj/Alch/Air  0%         N/A       100%        3
 Teleport Other           Tloc           0%         N/A       100%        3
 Ignite Poison            Fire/Alch      0%         N/A       100%        4
 Maxwell's Portable Pile  Tloc           0%         2d(5-10)  100%        4
 Freezing Cloud           Conj/Ice/Air   0%         6-21      100%        5
 Conjure Ball Lightning   Conj/Air       0%         3x3d6     100%        6
 Discord                  Hex            0%         N/A       100%        8
 Disjunction              Tloc           0%         N/A       100%        8


Dungeon Overview and Level Annotations

Branches:
Dungeon (7/15)             Temple (1/1) D:5

Altars:
Ashenzari
Cheibriados
Dithmenos
Gozag
Hepliaklqana
Kikubaaqudgha
Makhleb
Nemelex Xobeh
Okawaru
Qazlal
Sif Muna
Trog
Uskayaw
Vehumet
Xom
Yredelemnul
Zin
The Shining One

Shops:
D:3 (   D:4 [


Innate Abilities, Weirdness & Mutations

You have a pair of horns on your head.
You reflexively headbutt those who attack you in melee.


Message History

The howler monkey is severely wounded.
The howler monkey hits you but does no damage.
A wight comes into view. It is wielding a +4 dire flail.
Unknown command.
You hit the howler monkey.
You kill the howler monkey!
Unknown command.
You barely miss the wight. The wight hits you but does no damage.
You completely miss the wight.
Unknown command.
You slash the wight! Your headbutt misses the wight.
The wight is almost destroyed.
Unknown command.
The wight closely misses you. You block the wight's attack.
Items here: $ )) [.
Unknown command.
You hit the wight. You headbutt the wight.
The wight is heavily damaged.
You hit the wight but do no damage.
The wight hits you with a +5 scimitar of freezing!
* * * LOW HITPOINT WARNING * * *
The wight freezes you.
* * * LOW HITPOINT WARNING * * *
The wight hits you with a +4 dire flail!
* * * LOW HITPOINT WARNING * * *
You feel drained.
* * * LOW HITPOINT WARNING * * *
You slash the wight!
You destroy the wight!
You barely miss the wight.
Unknown command.
You closely miss the wight.
The wight is almost destroyed.
The wight is distracted by your dazzling golden aura.
You closely miss the wight.
The wight is no longer distracted by gold.
The wight is almost destroyed.
The wight hits you with a +5 scimitar of freezing!
You die...
Your body crumbles into a pile of gold.

###################
#......##..........
###......##..........
##<.......+...........
..............#.$$$.......
.................)$.......
.........######..$........
.........# #####z########
.........# #.$$@.#
#####+#### #.##### #. .y
.h. ...z ..... ......


You could see a wight.

Vanquished Creatures
  Sigmund (D:5)
  2 wyverns (D:6)
  A steam dragon (D:6)
  Menkaure (D:5)
  Edmund (D:5)
  2 ice beasts
  An orc warrior (D:7)
  2 ogres
  A centaur (D:5)
  2 bullfrogs
  A scorpion (D:7)
  A wight (D:7)
  4 killer bees (D:7)
  4 howler monkeys (D:7)
  4 bombardier beetles
  2 hounds
  4 jellies
  6 iguanas
  3 gnoll boudas
  15 gnolls
  4 adders
  A white imp (D:5)
  An ufetubus (D:6)
  4 dart slugs
  5 orcs
  9 endoplasms
  5 goblins
  4 hobgoblins
  15 jackals
  3 quokkas
  9 ball pythons
  6 bats
  4 frilled lizards
  18 kobolds
  4 rats
150 creatures vanquished.

Vanquished Creatures (others)
  An ufetubus (D:6)
1 creature vanquished.

Grand Total: 151 creatures vanquished

Notes
Turn   | Place    | Note
-------+----------+-------------------------------------------
     0 | D:1      | bmack86 the Minotaur Fighter began the quest for the Orb.
     0 | D:1      | Reached XP level 1. HP: 19/19 MP: 0/0
    59 | D:1      | Reached XP level 2. HP: 24/26 MP: 1/1
   256 | D:1      | Reached skill level 3 in Axes
   545 | D:1      | Reached XP level 3. HP: 31/31 MP: 2/2
   748 | D:2      | Reached skill level 5 in Shields
  1108 | D:2      | Reached skill level 4 in Axes
  1254 | D:2      | Reached XP level 4. HP: 36/39 MP: 3/3
  1648 | D:3      | Found Jaryof's Weapon Emporium.
  1875 | D:3      | Found a glowing golden altar of the Shining One.
  1880 | D:3      | Found a hide-covered altar of Uskayaw.
  2303 | D:4      | Reached skill level 5 in Axes
  2303 | D:4      | Reached XP level 5. HP: 16/45 MP: 4/4
  2345 | D:4      | Reached skill level 6 in Axes
  2671 | D:4      | Found Tico's Armour Emporium.
  2681 | D:4      | Bought a +0 cloak for 45 gold pieces
  2693 | D:4      | Reached XP level 6. HP: 51/51 MP: 5/5
  2697 | D:4      | Reached skill level 7 in Axes
  2778 | D:4      | Found a snail-covered altar of Cheibriados.
  2781 | D:4      | Found a bloodstained altar of Trog.
  3152 | D:5      | Entered Level 5 of the Dungeon
  3169 | D:5      | Reached skill level 8 in Axes
  3172 | D:5      | Found a staircase to the Ecumenical Temple.
  3183 | Temple   | Entered the Ecumenical Temple
  3305 | Temple   | Became a worshipper of Gozag Ym Sagoz the Greedy
  3328 | Temple   | Reached XP level 7. HP: 29/57 MP: 6/6
  3433 | D:5      | Reached skill level 9 in Axes
  3736 | D:5      | Noticed Menkaure
  3742 | D:5      | Killed Menkaure
  3743 | D:5      | Reached skill level 10 in Axes
  3781 | D:5      | Noticed Sigmund
  3790 | D:5      | Killed Sigmund
  3873 | D:5      | Noticed Edmund
  3880 | D:5      | Killed Edmund
  3881 | D:5      | Reached skill level 11 in Axes
  3881 | D:5      | Reached XP level 8. HP: 46/64 MP: 7/7
  4347 | D:6      | Reached skill level 12 in Axes
  4616 | D:6      | Reached skill level 13 in Axes
  4906 | D:6      | Reached XP level 9. HP: 53/70 MP: 8/8
  5135 | D:7      | Reached skill level 14 in Axes
  5204 | D:7      | Slain by a wight

Illustrated notes

Levels and vault maps discovered:
D:1:      shiori_shiawase, layout_loops_ring
D:2:      layout_basic, hex_tiny, corexii_shack
D:3:      layout_loops_ring, mainiacjoe_overflow_catwalk_spiral, serial_shops,
          shop
D:4:      cheibrodos_fertilizer, layout_cave_pools,
          nicolae_overflow_hidden_temple, serial_shops, shop, skrybe_limestone_x
D:5:      layout_loops_cross, minmay_temple_entry_slanted,
          sigmund_edmund_badplayer, uniq_menkaure
D:6:      layout_cave_pools
D:7:      kennysheep_housing_project, layout_basic, serial_shops,
          nicolae_take_the_stairs
Temple:   nicolae_temple_ecumenical_triangle

Skill      XL: |  1  2  3  4  5  6  7  8  9 |
---------------+----------------------------+-----
Shields        | 4 5 |  5.0
Axes           | 3 4 5 6 8 11 13 14 | 14.9
Fighting       | |  3.6
Armour         | |  3.6

Action                     |  1- 3 |  4- 6 |  7- 9 || total
---------------------------+-------+-------+-------++-------
  Melee: War axe           |    84 |    90 |   121 ||   295
         Headbutt          |    12 |    12 |    28 ||    52
    Use: Scroll            |     1 |    13 |     1 ||    15
         Potion            |       |     1 |       ||     1
 Armour: Scale mail        |    85 |    20 |       ||   105
         Plate armour      |       |    66 |   101 ||   167
  Dodge: Dodged            |    38 |    46 |    34 ||   118
  Block: Buckler           |    17 |    38 |    45 ||   100

Table legend: (Time is in decaauts)
 A = Elapsed time spent in this place.
 B = Non-inter-level travel time spent in this place.
 C = Inter-level travel time spent in this place.
 D = Time resting spent in this place.
 E = Time spent auto-exploring this place.
 F = Levels seen in this place.
 G = Mean time per level.
                   A        B        C        D        E       F      G
               +--------+--------+--------+--------+--------+-----+--------+
         Total |   5242 |   5097 |    145 |    563 |   3308 |   8 |  655.2 |
       Dungeon |   5004 |   4859 |    145 |    365 |   3308 |   7 |  714.9 |
        Temple |    238 |    238 |      0 |    198 |      0 |   1 |  238.0 |
               +--------+--------+--------+--------+--------+-----+--------+

Top non-repeatable levels by time:
     D:5: 1094 daAuts
     D:4: 870 daAuts
     D:2: 837 daAuts
     D:3: 796 daAuts
     D:1: 697 daAuts
     D:6: 615 daAuts
  Temple: 238 daAuts
     D:7: 92 daAuts
